 Dungeon Crawl Stone Soup version 0.25.0-11-g1f837a76a1 (webtiles) character file.

Game seed: 18338916784490623241

2 Flugkiller the Sneak (level 1, -1/9 HPs)
             Began as a Spriggan Enchanter on June 26, 2020.
             Slain by an ooze (3 damage)
             ... on level 1 of the Dungeon.
             The game lasted 00:00:22 (88 turns).

Flugkiller the Sneak (Spriggan Enchanter)             Turns: 88, Time: 00:00:23

Health: -1/9       AC:  2    Str:  4    XL:     1   Next: 25%
Magic:  4/5        EV: 18    Int: 16    God:
Gold:   11         SH:  0    Dex: 16    Spells: 4/5 levels left

rFire    . . .     SeeInvis +   a - +1 dagger
rCold    . . .     Gourm    .   (shield restricted)
rNeg     . . .     Faith    .   b - +0 robe
rPois    .         Spirit   .   (helmet restricted)
rElec    .         Reflect  .   (no cloak)
rCorr    .         Harm     .   (gloves unavailable)
MR       .....                  (boots unavailable)
Stlth    +++.......             (no amulet)
HPRegen  0.03/turn              (no ring)
MPRegen  0.09/turn              (no ring)

@: very quick
A: very small, unfitting armour, see invisible, herbivore, speed 3, slow
metabolism 2
a: no special abilities


You were on level 1 of the Dungeon.
You were not hungry.

You visited 1 branch of the dungeon, and saw 1 of its levels.

You collected 11 gold pieces.

Inventory:

Hand Weapons
 a - a +1 dagger (weapon)
Armour
 b - a +0 robe (worn)
Potions
 c - a potion of curing {unknown}
Comestibles
 d - 2 rations


   Skills:
 - Level 1.1 Short Blades
 - Level 3.0 Dodging
 + Level 4.6 Stealth
 - Level 2.6 Spellcasting
 - Level 3.6 Hexes


You had 4 spell levels left.
You knew the following spells:

 Your Spells              Type           Power        Failure   Level  Hunger
a - Corona                Hex            ##.....      4%          1    #......

Your spell library contained the following spells:

 Spells                   Type           Power        Failure   Level  Hunger
 Confusing Touch          Hex            ##......     13%         3    ###....
 Tukima's Dance           Hex            ##......     13%         3    ###....
 Ensorcelled Hibernation  Hex/Ice        #.....       14%         2    ##.....
 Dazzling Flash           Conj/Hex       #.....       28%         3    ###....


Dungeon Overview and Level Annotations

Branches:
Dungeon (1/15)

Altars:


Innate Abilities, Weirdness & Mutations

You are very small and have problems with some larger weapons.
You are too small for most types of armour.
You have supernaturally acute eyesight. (SInv)
You are a herbivore.
You cover ground extremely quickly.
You need to consume almost no food.


Message History

You see here a ration.
d - 2 rations (gained 1)
The rat completely misses you.
You closely miss the rat. The rat misses you.
You barely miss the rat. The rat bites you.
* * * LOW HITPOINT WARNING * * *
You barely miss the rat. The rat misses you.
Casting: Corona (safe; 4% risk of failure)
Confirm with . or Enter, or press ? or * to list all spells.
Aiming: Corona (safe; 4% risk of failure)
Press: ? - help, Shift-Dir - straight line, f - rat
Aim: a rat (chance to defeat MR: 67%)
The rat barely resists.
The rat misses you.
You hit the rat.
The rat is heavily wounded.
The rat barely misses you.
You hit the rat.
You kill the rat!
You see here a club.
An ooze comes into view.
Found 11 gold pieces.
The ooze quivers.
You hit the ooze but do no damage. The ooze closely misses you.
Casting: Corona (safe; 4% risk of failure)
Confirm with . or Enter, or press ? or * to list all spells.
Aiming: Corona (safe; 4% risk of failure)
Press: ? - help, Shift-Dir - straight line, f - ooze
Aim: an ooze (chance to defeat MR: 50%)
The ooze is outlined in light.
The ooze misses you.
You hit the ooze but do no damage. The ooze barely misses you.
You hit the ooze.
The ooze is lightly wounded.
The ooze misses you.
You hit the ooze.
The ooze is moderately wounded.
The ooze misses you.
You hit the ooze.
The ooze is severely wounded.
The ooze stops glowing.
The ooze closely misses you.
You hit the ooze.
The ooze is severely wounded.
The ooze hits you.
* * * LOW HITPOINT WARNING * * *
You barely miss the ooze.
The ooze is severely wounded.
The ooze misses you.
You hit the ooze.
The ooze is severely wounded.
The ooze hits you.
You die...

... #..# #..# #..# #..# #
...##### #. #.####...$... #.
#.J@..).# #### #. #.####.##
.[...##.### #.# .....#...##
#.# .......#.. #.######
.....#...#######......#
.............##.###..#######.
.##..........).##)..........
#.#.#####.##....#''''#♣..


You could see an ooze.

Vanquished Creatures
  A giant cockroach (D:1)
  A rat (D:1)
2 creatures vanquished.

Notes
Turn   | Place    | Note
-------+----------+-------------------------------------------
     0 | D:1      | Flugkiller the Spriggan Enchanter began the quest for the
                  | Orb.
     0 | D:1      | Reached XP level 1. HP: 9/9 MP: 5/5
    88 | D:1      | Slain by an ooze

Illustrated notes

Levels and vault maps discovered:
D:1:      sevenhm_arrival_forest_fort_small_6, layout_loops_ring

Action                   || total
-------------------------++-------
Melee: Dagger            ||    14
 Cast: Corona            ||     3
 Stab: Sleeping          ||     1
Dodge: Dodged            ||    12
